AoeStats
← Kaiser Ze

Arabia

510030713Analyzed
1v1 RM · 3d ago on Sep 29, 2026· 40m 16s· 2 players
Game mode
Random Map
Map size
Tiny (2 player)
Population
200
Speed
Normal
Resources
Standard
Victory
Conquest
Starting age
Dark Age
Ending age
Imperial Age
RankedLock teamsTeams togetherTeam positionsShared explorationLock speedFull tech treeHidden civsTurbo modeCheats
Victory
Defeat
🇨🇳 Persians · China
1282
+16
🇵🇪 Magyars · Peru
1281
-16
[Inkas'A] Q-NEO
10:21 Feudal Age
10:28 Man-at-Arms
11:50 Scale Mail Armor
14:00 Double-Bit Axe
17:05 Loom
18:01 Fletching
18:12 Padded Archer Armor
22:52 Castle Age
21:52 Bloodlines
21:49 Scale Barding Armor
22:38 Stone Mining
22:41 Gold Mining
23:49 Bodkin Arrow
23:58 Husbandry
25:54 Chain Barding Armor
29:00 Thumb Ring
32:54 Ballistics
36:10 Imperial Age
34:17 Wheelbarrow
34:24 Light Cavalry
35:57 Leather Archer Armor
37:51 Town Watch
39:06 Cavalier
41:01 Parthian Tactics
Kaiser Ze
4:35 Loom
9:23 Feudal Age
9:58 Double-Bit Axe
22:44 Castle Age
21:45 Forging
22:23 Bloodlines
25:33 Wheelbarrow
25:27 Gold Mining
25:36 Horse Collar
27:58 Scale Barding Armor
28:59 Husbandry
29:52 Chain Barding Armor
35:40 Imperial Age
33:48 Heavy Plow
34:50 Iron Casting
35:23 Light Cavalry
35:49 Cavalier
39:03 Blast Furnace
38:38 Plate Barding Armor
40:14 Plate Barding Armor
41:03 Hand Cart
Connection lost

Rejoining the realm…

Still unreachable

The connection could not be restored.

Session expired

The server has moved on; the page needs a fresh start.